 Dungeon Crawl Stone Soup version 0.21-a0-1-gaf3b9a5 (webtiles) character file.

197 Gorglomux the Covered (level 5, 0/43 HPs)
             Began as a Barachi Fighter on May 20, 2017.
             Succumbed to a worker ant's poison
             ... on level 4 of the Dungeon.
             The game lasted 00:04:52 (3196 turns).

Gorglomux the Covered (Barachi Fighter)             Turns: 3196, Time: 00:04:53

Health: 0/43       AC:  7    Str: 22    XL:     5   Next: 75%
Magic:  4/4        EV:  8    Int:  8    God:
Gold:   153        SH: 10    Dex: 13    Spells: 4/4 levels left

rFire    . . .     SeeInvis .   a - +0 war axe
rCold    . . .     Gourm    +   c - +0 shield
rNeg     . . .     Faith    .   b - +0 scale mail
rPois    .         Spirit   .   (no helmet)
rElec    .         Reflect  .   (no cloak)
rCorr    .         Harm     .   (no gloves)
MR       .....                  (no boots)
Stlth    ..........             j - amulet of the gourmand {Gourm, !d}
Regen    0.2/turn               (no ring)
MPRegen  0.1/turn               (no ring)

@: mighty, lethally poisoned (0 -> -18), can't hop, slow
A: +LOS, swims, talons 1, low mp 1, slowness 1, strong legs 1
a: Hop


You were on level 4 of the Dungeon.
You were completely stuffed.

You visited 1 branch of the dungeon, and saw 4 of its levels.

You collected 153 gold pieces.

Inventory:

Hand Weapons
 a - a +0 war axe (weapon)
Armour
 b - a +0 scale mail (worn)
 c - a +0 shield (worn)
 i - a +0 helmet
   (You found it on level 2 of the Dungeon)
Jewellery
 j - an amulet of the gourmand (around neck) {Gourm, !d}
   (You found it on level 2 of the Dungeon)
Wands
 r - a wand of paralysis (10/24)
   (You found it on level 3 of the Dungeon)
Scrolls
 e - a scroll of enchant weapon {unknown}
 g - 3 scrolls of recharging {unknown}
 l - a scroll of remove curse {unknown}
 p - 2 scrolls of identify {unknown}
 q - a scroll of blinking {unknown}
Potions
 d - a potion of might
 m - a potion of haste
Books
 n - a book of Misfortune
   (You found it on level 3 of the Dungeon)
Comestibles
 f - 3 bread rations {@e1}
 h - 2 meat rations {@e2}
 o - 4 fruits
 s - a chunk of flesh {@w0}


   Skills:
 + Level 4.4 Fighting
 * Level 4.0 Axes
 + Level 4.6 Armour
 + Level 2.0 Dodging
 + Level 4.0 Shields


You had 4 spell levels left.
You didn't know any spells.

Dungeon Overview and Level Annotations

Branches:
Dungeon (4/15)
 Temple: D:4-7

Altars:
Ashenzari
Dithmenos
Elyvilon
Hepliaklqana
Kikubaaqudgha
Makhleb
Nemelex Xobeh
Ru
Trog
Xom

Annotations:
D:4 exclusion: Sigmund, Sigmund


Innate Abilities, Weirdness & Mutations

Shadows flee at your approach. (+LOS)
You can swim through water.
You cover ground slowly.
You can hop short distances.
You have sharp toenails.
Your magical capacity is low. (-10% MP)


Message History

You climb upwards.
There is a stone staircase leading down here.
No target in view!
No target in view!
No target in view!
Unknown command.
No target in view!
No target in view!
Unknown command.
No target in view!
The orc priest casts a cantrip, but nothing happens.
You block the orc priest's attack.
You hit the orc priest.
The orc priest hits you but does no damage. x2
You slash the orc priest!
You kill the orc priest!
Your Shields skill increases to level 4!
No target in view!
No target in view!
You see here an orc corpse.
You butcher the orc corpse.
s - 2 chunks of flesh {@w0}
There is a stone staircase leading down here.
You climb downwards.
There is a stone staircase leading up, spattered with blood here.
Eating one of 2 chunks of flesh {@w0}.
You eat one of the 2 chunks of flesh {@w0}.
This raw flesh tastes great.
A worker ant comes into view.
The worker ant twitches its antennae in your direction.
You see here a club.
You block the worker ant's attack.
A worker ant is nearby!
You hit the worker ant. The worker ant barely misses you.
A worker ant is nearby!
You closely miss the worker ant. You block the worker ant's attack.
The worker ant waves its antennae.
You block the worker ant's attack.
You hit the worker ant.
The worker ant bites you but does no damage.
The worker ant bites you.
Unknown command.
You closely miss the worker ant.
The worker ant bites you but does no damage.
The worker ant bites you.
Unknown command.
You barely miss the worker ant. The worker ant closely misses you.
Unknown command.
You barely miss the worker ant. The worker ant bites you.
You are poisoned.
The worker ant poisons you! The worker ant bites you.
You are more poisoned.
The worker ant poisons you!
You hit the worker ant.
You feel sick. The worker ant bites you.
You are more poisoned.
The worker ant poisons you!
You are too injured to fight recklessly!
You are too injured to fight recklessly!
Unknown command.
You are too injured to fight recklessly!
You are too injured to fight recklessly!
Your shield prevents you from hitting the worker ant.
You feel sick. The worker ant closely misses you.
You block the worker ant's attack.
Your scale mail prevents you from hitting the worker ant.
You feel sick. You block the worker ant's attack. The worker ant bites you.
You are lethally poisoned!
The worker ant poisons you!
You closely miss the worker ant.
You feel sick. You block the worker ant's attack.
Unknown command.
You closely miss the worker ant.
You feel sick. The worker ant bites you.
* * * LOW HITPOINT WARNING * * *
The worker ant bites you but does no damage.
It was a potion of mutation.
You feel extremely strange.
You feel less energetic.
Your toenails lengthen and sharpen.
* * * LOW HITPOINT WARNING * * *
You feel sick. You block the worker ant's attack.
You feel very mighty all of a sudden.
* * * LOW HITPOINT WARNING * * *
You feel sick. You block the worker ant's attack.
You hit the worker ant. Your kick misses the worker ant.
* * * LOW HITPOINT WARNING * * *
You feel sick. The worker ant bites you.
* * * LOW HITPOINT WARNING * * *
You are more poisoned.
The worker ant poisons you! You block the worker ant's attack.
You hit the worker ant.
You kill the worker ant!
Your Axes skill increases to level 4!
Your Dodging skill increases to level 2!
* * * LOW HITPOINT WARNING * * *
You feel sick.
* * * LOW HITPOINT WARNING * * *
You feel sick.
Found a stone staircase leading up.
Hop to where?
Boing!
A worker ant and Sigmund come into view.
You die...

# ###. ... ####..#####
#.........##
###.......a...
#####...........#
########..ยง........!...#
........)####...@.<....#
.......<.###..........>#
......)[.....#......>..#
.........##......@.....#
########....#....#..####
#....#........
#......#####.## #......#
.. #.....## #.#


You could see Sigmund (sleeping) and a worker ant (sleeping).

Vanquished Creatures
  An orc priest (D:3)
  2 worker ants
  2 adders
  A shadow imp (D:2)
  An adder skeleton (D:3)
  2 worms (D:2)
  A dart slug (D:1)
  A leopard gecko (D:1)
  8 orcs
  2 ball pythons (D:3)
  4 giant cockroaches
  13 goblins
  4 hobgoblins
  3 jackals (D:3)
  6 bats
  5 frilled lizards
  8 kobolds
  A quokka zombie (D:2)
  15 rats
80 creatures vanquished.

Notes
Turn   | Place    | Note
-------+----------+-------------------------------------------
     0 | D:1      | Gorglomux the Barachi Fighter began the quest for the Orb.
     0 | D:1      | Reached XP level 1. HP: 18/18 MP: 1/1
   164 | D:1      | Reached XP level 2. HP: 24/24 MP: 2/2
   423 | D:1      | Reached skill level 4 in Armour
   557 | D:1      | Reached XP level 3. HP: 22/30 MP: 3/3
   755 | D:2      | Found an ancient bone altar of Kikubaaqudgha.
   763 | D:2      | Found a bloodstained altar of Trog.
   813 | D:2      | HP: 5/30 [shadow imp/nerve-wracking pain (4)]
   814 | D:2      | HP: 1/30 [quokka zombie (2)]
   819 | D:2      | Reached skill level 1 in Dodging
  1340 | D:2      | Found a white marble altar of Elyvilon.
  1467 | D:2      | Found a hazy altar of Hepliaklqana.
  1639 | D:2      | Reached skill level 4 in Fighting
  1639 | D:2      | Reached XP level 4. HP: 22/37 MP: 4/4
  1918 | D:2      | Found a shattered altar of Ashenzari.
  1918 | D:2      | Found a burning altar of Makhleb.
  1924 | D:2      | Found a shimmering altar of Xom.
  1926 | D:2      | Found a faded altar of an unknown god.
  1928 | D:2      | Found a faded altar of an unknown god.
  2066 | D:3      | Reached skill level 3 in Axes
  2103 | D:3      | Found a sacrificial altar of Ru.
  2614 | D:3      | Found a sparkling altar of Nemelex Xobeh.
  2650 | D:3      | Reached XP level 5. HP: 41/42 MP: 5/5
  2709 | D:3      | Found a shadowy altar of Dithmenos.
  3165 | D:3      | Reached skill level 4 in Shields
  3190 | D:4      | HP: 10/43 [worker ant (3)]
  3191 | D:4      | Gained mutation: Your magical capacity is low. (-10% MP) [potion of mutation]
  3191 | D:4      | Gained mutation: You have sharp toenails. [potion of mutation]
  3194 | D:4      | Reached skill level 4 in Axes
  3194 | D:4      | Reached skill level 2 in Dodging
  3194 | D:4      | HP: 3/43 [poisoned by a worker ant]
  3195 | D:4      | HP: 1/43 [poisoned by a worker ant]
  3196 | D:4      | Noticed Sigmund
  3196 | D:4      | Succumbed to a worker ant's poison

Vault maps used:
D:1:      dpeg_arrival_tiny_e
D:2:      overflow_temple_1_default, kiku_gazebo_pond_becter, elyvilon_altar_3,
          gammafunk_temple_overflow_arena, chequers_temple_overflow_minitemple
D:3:      hangedman_ru_absence, nicolae_dithmenos_shadow_blocks,
          nemelex_lonely_heart_becter
D:4:      minmay_diamond_boxcup, tso_metal_star, first_bread, uniq_sigmund

Skill      XL: |  1  2  3  4  5 |
---------------+----------------+-----
Armour         | 4 |  4.6
Dodging        | 1 2 |  2.0
Fighting       | 4 |  4.4
Axes           | 3 4 |  4.0
Shields        | 4 |  4.0

Action                   |  1- 3 |  4- 6 || total
-------------------------+-------+-------++-------
Melee: War axe           |   123 |   149 ||   272
 Abil: Hop               |     1 |     1 ||     2
  Use: Potion            |       |     3 ||     3
  Eat: Chunk             |     5 |    15 ||    20
Armor: Scale mail        |    64 |    59 ||   123
Dodge: Dodged            |    35 |    57 ||    92
Block: Shield            |    88 |    95 ||   183

Vault maps used:
D:1:      dpeg_arrival_tiny_e
D:2:      overflow_temple_1_default, kiku_gazebo_pond_becter, elyvilon_altar_3,
          gammafunk_temple_overflow_arena, chequers_temple_overflow_minitemple
D:3:      hangedman_ru_absence, nicolae_dithmenos_shadow_blocks,
          nemelex_lonely_heart_becter
D:4:      minmay_diamond_boxcup, tso_metal_star, first_bread, uniq_sigmund

Table legend:
 A = Turns spent in this place as a percentage of turns spent in the entire game.
 B = Non-inter-level travel turns spent in this place as a percentage of non-inter-level travel turns spent in the entire game.
 C = Inter-level travel turns spent in this place as a percentage of turns spent in this place.
 D = Turns resting spent in this place as a percentage of non-inter-level travel turns spent in this place.
 E = Turns spent auto-exploring this place as a percentage of non-inter-level travel turns spent in this place.
 F = Non-inter-level travel turns spent in this place divided by the number of levels of this place that you've seen.
                   A       B       C       D       E      F
               +-------+-------+-------+-------+-------+----------------------
         Total | 100.0 | 100.0 |   0.5 |   1.2 |   8.5 | 265.0
       Dungeon | 100.0 | 100.0 |   0.5 |   1.2 |   8.5 | 265.0
               +-------+-------+-------+-------+-------+----------------------

Table legend:
 A = Kills in this place as a percentage of kills in entire the game.
 B = Kills by you in this place as a percentage of kills by you in the entire game.
 C = Kills by friends in this place as a percentage of kills by friends in the entire game.
 D = Other kills in this place as a percentage of other kills in the entire game.
 E = Experience gained in this place as a percentage of experience gained in the entire game.
 F = Experience gained in this place divided by the number of levels of this place that you have seen.
                   A       B       C       D       E      F
               +-------+-------+-------+-------+-------+----------------------
         Total | 100.0 | 100.0 |  -nan |  -nan | 100.0 |  70.5
       Dungeon | 100.0 | 100.0 |  -nan |  -nan | 100.0 |  70.5
               +-------+-------+-------+-------+-------+----------------------
